 Dungeon Crawl Stone Soup version 0.30.2 (webtiles) character file.

Game seed: 299130198878642158

1441 porpoise the Skirmisher (level 9, -3/55 HPs)
             Began as a Kobold Hunter on Jan 26, 2024.
             Was a Follower of Fedhas.
             Slain by a sky beast (5 damage)
             ... on level 6 of the Dungeon.
             The game lasted 00:11:27 (4609 turns).

porpoise the Skirmisher (Kobold Hunter)             Turns: 4609, Time: 00:11:29

Health: -3/55      AC:  4    Str:  8      XL:     9   Next: 4%
Magic:  9/9        EV: 14    Int: 11      God:    Fedhas [*.....]
Gold:   327        SH:  5    Dex: 18 (22) Spells: 8/8 levels left

rFire   . . .        a - +2 shortbow (freeze)
rCold   . . .        (shield currently unavailable)
rNeg    . . .        c - +0 leather armour
rPois   +            f - +0 hat
rElec   .            (no cloak)
rCorr   .            (no gloves)
SInv    .            h - +0 pair of boots
Will    .....        u - amulet of reflection
Stlth   ++++         i - ring of poison resistance
HPRegen 0.29/turn    (no ring)
MPRegen 0.11/turn

%: reflection
@: no status effects
A: small, no large weapons, nightstalker 3
a: Renounce Religion


You were on level 6 of the Dungeon.
You worshipped Fedhas.
Fedhas was aware of your devotion.
You visited 2 branches of the dungeon, and saw 7 of its levels.

You collected 327 gold pieces.

Inventory:

Hand Weapons
 a - a +2 shortbow of freezing (weapon)
 b - a +2 short sword of speed
Missiles
 d - 9 poisoned darts
 o - 5 datura-tipped darts
 C - 6 boomerangs
Armour
 c - a +0 leather armour (worn)
 e - the +0 ring mail of Trial and Error {rPois Will+ Dex+3}
   (You found it on level 3 of the Dungeon)

   Dex:       It affects your dexterity (+3).
   rPois:     It protects you from poison.
   Will:      It increases your willpower.
 f - a +0 hat (worn)
 h - a +0 pair of boots (worn)
Magical Staves
 y - a staff of fire
Jewellery
 i - a ring of poison resistance (left hand)
 j - an amulet of guardian spirit
 u - an amulet of reflection (around neck)
 w - an amulet of magic regeneration
Wands
 E - a wand of polymorph (9)
Scrolls
 l - 2 scrolls of identify
 m - 2 scrolls of teleportation
 n - a scroll of poison
 s - a scroll of noise {unknown}
 t - a scroll of enchant armour {unknown}
 v - a scroll of immolation
 x - a scroll of enchant weapon {unknown}
 z - a scroll of fear
 B - a scroll of fog {unknown}
 D - a scroll of vulnerability {unknown}
Potions
 g - a potion of magic
 k - a potion of attraction
 p - 2 potions of flight
 q - a potion of curing
 r - a potion of might
 A - a potion of brilliance


   Skills:
 + Level 6.2 Fighting
 * Level 11.2 Ranged Weapons
 - Level 2.4 Dodging
 - Level 7.0 Stealth


You had 8 spell levels left.
You didn't know any spells.
Your spell library contained the following spells:

 Spells                   Type           Power      Damage    Failure   Level
 Poisonous Vapours        Pois/Air       0%         N/A       61%         2
 Mephitic Cloud           Conj/Pois/Air  0%         N/A       83%         3
 Freezing Cloud           Conj/Ice/Air   0%         6-21      100%        5


Dungeon Overview and Level Annotations

Branches:
Dungeon (6/15)             Temple (1/1) D:5

Altars:
Ashenzari
Dithmenos
Elyvilon
Fedhas
Kikubaaqudgha
Makhleb
Nemelex Xobeh
Okawaru
Sif Muna
Trog
Wu Jian
Yredelemnul
Zin
The Shining One

Shops:
D:5 (


Innate Abilities, Weirdness & Mutations

You are small and have problems with some larger weapons.
You are completely attuned to the shadows.


Message History

You shoot an arrow. The arrow hits the sky beast!
The arrow freezes the sky beast.
The sky beast is heavily wounded.
You block the sky beast's attack.
You shoot an arrow. The arrow barely misses the sky beast.
The sky beast hits you. The sky beast shocks you.
You shoot an arrow.
The arrow hits the sky beast but does no damage.
The sky beast is heavily wounded.
The sky beast barely misses you.
You shoot an arrow. The arrow barely misses the sky beast.
The sky beast hits you. The sky beast shocks you.
You shoot an arrow. The arrow hits the sky beast.
The arrow freezes the sky beast.
The sky beast is severely wounded.
The sky beast closely misses you.
You shoot an arrow. The arrow closely misses the sky beast.
The sky beast hits you. The sky beast shocks you.
You shoot an arrow. The arrow barely misses the sky beast.
The sky beast flickers out of sight!
Deactivating autopickup; reactivate with Ctrl-A.
Something hits you. Something shocks you.
You are too injured to fight recklessly!
You are too injured to fight recklessly!
You shoot an arrow. Something hits you. Something shocks you.
You shoot an arrow. Something hits you.
* * * LOW HITPOINT WARNING * * *
Something shocks you.
* * * LOW HITPOINT WARNING * * *
You shoot an arrow. Something hits you.
* * * LOW HITPOINT WARNING * * *
Something shocks you.
* * * LOW HITPOINT WARNING * * *
You shoot an arrow.
A sky beast appears from thin air!
Reactivating autopickup.
The sky beast hits you.
* * * LOW HITPOINT WARNING * * *
The sky beast shocks you.
You die...
Fedhas appreciates your contribution to the ecosystem.

#.. ..## ..#
.. #Y####..#
..#@......+
...........#
...........#
...####..#.#
.#+##.#..#.#
......#....#
.....#.....#
.._..'......
.....##......


You could see a sky beast.

Vanquished Creatures
  Grinder (D:4)
  Edmund (D:5)
  A water moccasin (D:6)
  An ogre (D:5)
  An ice beast (D:5)
  3 phantoms
  3 scorpions
  A quasit (D:6)
  A hound (D:4)
  An orc priest (D:3)
  3 iguanas
  Natasha (thrice) (D:3)
  4 gnolls (D:3)
  5 adders
  2 shadow imps
  A white imp (D:4)
  An ufetubus (D:4)
  A worm (D:2)
  2 dart slugs
  9 orcs
  5 bats
  3 endoplasms
  4 giant cockroaches
  6 goblins
  4 hobgoblins
  6 jackals
  5 kobolds
  4 quokkas
  4 ball pythons
  4 frilled lizards
  A goblin skeleton (D:6)
  2 kobold skeletons (D:6)
  A kobold zombie (D:6)
  2 orc skeletons (D:6)
  An orc zombie (D:6)
  5 rats
102 creatures vanquished.

Vanquished Creatures (others)
  An orc wizard (D:3)
1 creature vanquished.

Grand Total: 103 creatures vanquished

Notes
Turn   | Place    | Note
-------+----------+-------------------------------------------
     0 | D:1      | porpoise the Kobold Hunter began the quest for the Orb.
     0 | D:1      | Reached XP level 1. HP: 12/12 MP: 1/1
   108 | D:1      | Reached XP level 2. HP: 18/18 MP: 2/2
   257 | D:1      | Reached XP level 3. HP: 22/22 MP: 3/3
   600 | D:2      | Reached skill level 6 in Ranged Weapons
   914 | D:2      | Found an iron altar of Okawaru.
  1216 | D:3      | Noticed Natasha
  1221 | D:3      | Killed Natasha
  1222 | D:3      | Reached XP level 4. HP: 28/28 MP: 4/4
  1250 | D:3      | Identified the +0 ring mail of Trial and Error {rPois Will+
                  | Dex+3}
  1261 | D:3      | Found a basalt altar of Yredelemnul.
  1296 | D:3      | Reached XP level 5. HP: 13/32 MP: 5/5
  1429 | D:3      | Reached skill level 7 in Ranged Weapons
  1562 | D:3      | Found a sparkling altar of Nemelex Xobeh.
  1799 | D:3      | Noticed Natasha
  1807 | D:3      | Killed Natasha
  1808 | D:3      | Reached XP level 6. HP: 28/37 MP: 6/6
  1978 | D:3      | Noticed Natasha
  1986 | D:3      | Killed Natasha
  2221 | D:4      | Reached skill level 8 in Ranged Weapons
  2308 | D:4      | Reached skill level 5 in Stealth
  2308 | D:4      | Reached XP level 7. HP: 24/44 MP: 7/7
  2395 | D:4      | Noticed Grinder
  2403 | D:4      | Paralysed by Grinder for 3 turns
  2409 | D:4      | Killed Grinder
  2410 | D:4      | Reached skill level 9 in Ranged Weapons
  2456 | D:4      | Found a glowing silver altar of Zin.
  2601 | D:4      | Found a burning altar of Makhleb.
  2833 | D:4      | Reached XP level 8. HP: 33/48 MP: 8/8
  3264 | D:5      | Entered Level 5 of the Dungeon
  3306 | D:5      | Reached skill level 5 in Fighting
  3621 | D:5      | Reached skill level 10 in Ranged Weapons
  3679 | D:5      | Found Qetam's Weapon Emporium.
  3696 | D:5      | Found a staircase to the Ecumenical Temple.
  3706 | Temple   | Entered the Ecumenical Temple
  3729 | Temple   | Became a worshipper of Fedhas Madash
  3820 | D:5      | Noticed Edmund
  3822 | D:5      | Found a shimmering blue altar of Sif Muna.
  3872 | D:5      | Killed Edmund
  4044 | D:5      | Found a shadowy altar of Dithmenos.
  4172 | D:5      | Found an ornate altar of the Wu Jian Council.
  4384 | D:6      | Found a glowing golden altar of the Shining One.
  4451 | D:6      | Reached skill level 11 in Ranged Weapons
  4451 | D:6      | Reached XP level 9. HP: 48/55 MP: 9/9
  4597 | D:6      | Reached * piety under Fedhas
  4609 | D:6      | HP: 2/55 [sky beast (1)]
  4609 | D:6      | Slain by a sky beast

Illustrated notes

Levels and vault maps discovered:
D:1:      tarquinn_simple_flora_water_f, layout_rooms
D:2:      layout_basic, basic_altar
D:3:      layout_rooms, mainiacjoe_overflow_catwalk,
          nemelex_xobeh_ov_fountains_minmay, serial_park_tiny_pond, uniq_natasha
D:4:      layout_basic, kennysheep_little_box, kennysheep_mini, st_stairs_13,
          uniq_grinder
D:5:      layout_rooms, grunt_dithmenos_smoke, lemuel_tele_altar,
          mainiacjoe_overflow_six_doors_small, minmay_temple_entry_junction,
          serial_shops, kennysheep_mini_moat, uniq_edmund
D:6:      layout_cave_pools, nicolae_overflow_crystal_walls,
          hangedman_ru_absence, nicolae_tso_besieged_by_evil, minmay_pentangle
Temple:   nicolae_temple_ecumenical_triangle

Skill      XL: |  1  2  3  4  5  6  7  8 |
---------------+-------------------------+-----
Stealth        | 2 3 4 5 6 7 |  7.0
Ranged Weapons | 6 7 8 9 11 | 11.2
Fighting       | 3 4 6 |  6.2
Dodging        | |  2.4

Action                     |  1- 3 |  4- 6 |  7- 9 || total
---------------------------+-------+-------+-------++-------
  Melee: Short sword       |       |       |    12 ||    12
   Fire: Shortbow          |    55 |   118 |   210 ||   383
    Use: Scroll            |     7 |       |     5 ||    12
         Potion            |       |     2 |     1 ||     3
 Armour: Leather armour    |     7 |    14 |    34 ||    55
  Dodge: Dodged            |     9 |    42 |    84 ||   135
  Block: Other             |       |    21 |    29 ||    50
